AoeStats
← tony10246

Fortress

507272593Analyzed
4v4 RM · 14d ago on Sep 17, 2026· 91m 59s· 8 players
Game mode
Random Map
Map size
Huge
Population
200
Speed
Normal
Resources
Standard
Victory
Conquest
Starting age
Dark Age
Ending age
Imperial Age
RankedLock teamsTeams togetherTeam positionsShared explorationLock speedFull tech treeHidden civsTurbo modeCheats
Victory
Defeat
🇹🇼 Italians · Taiwan
1335
+15
🇨🇳 Sicilians · China
1329
+15
🇻🇳 Goths · Vietnam
1238
+19
🇹🇼 Berbers · Taiwan
1093
+25
🇹🇼 Slavs · Taiwan
1339
-20
🇩🇪 Wu · Germany
1331
-20
🇨🇭 Cumans · Switzerland
1277
-17
🇹🇼 Turks · Taiwan
1271
-17
Das Frettchen
7:20 Feudal Age
8:39 Double-Bit Axe
11:23 Castle Age
9:26 Double-Bit Axe
9:49 Horse Collar
10:24 Gold Mining
10:36 Fletching
11:04 Loom
12:27 Wheelbarrow
12:30 Bodkin Arrow
14:03 Bow Saw
21:06 Padded Archer Armor
22:40 Hand Cart
23:32 Hand Cart
26:32 Loom
26:32 Town Watch
27:33 Heavy Plow
30:35 Gold Shaft Mining
30:53 Scale Mail Armor
36:35 Imperial Age
35:10 Red Cliffs Tactics
35:50 Leather Archer Armor
36:05 Crossbowman
37:19 Bracer
38:22 Chemistry
37:42 Ballistics
37:21 Arbalester
37:56 Stone Mining
39:24 Elite Fire Archer
41:18 Caravan
41:44 Elite Skirmisher
42:22 Heavy Scorpion
43:50 Heavy Scorpion
48:45 Chain Mail Armor
52:59 Coinage
52:40 Guilds
56:49 Banking
59:26 Two-Man Saw
61:18 Squires
60:39 Pikeman
61:52 Plate Mail Armor
63:42 Conscription
62:53 Halberdier
63:45 Forging
64:21 Sitting Tiger
82:52 Town Patrol
82:21 Onager
83:36 Murder Holes
83:53 Masonry
83:23 Treadmill Crane
86:31 Architecture
tnan
8:36 Feudal Age
12:03 Castle Age
10:06 Double-Bit Axe
10:21 Horse Collar
13:26 Bow Saw
13:17 Loom
14:45 Heavy Plow
20:41 Gold Mining
23:04 Pikeman
23:48 Detinets
26:34 Wheelbarrow
25:45 Town Watch
26:44 Forging
26:40 Scale Barding Armor
30:39 Iron Casting
30:30 Fortified Wall
30:31 Masonry
32:49 Murder Holes
35:18 Elite Skirmisher
39:27 Fletching
47:06 Hand Cart
47:30 Town Patrol
47:48 Caravan
48:24 Bloodlines
48:14 Husbandry
48:15 Light Cavalry
52:38 Imperial Age
51:03 Scale Mail Armor
52:21 Chain Barding Armor
53:08 Chain Mail Armor
52:49 Hussar
54:43 Two-Man Saw
55:19 Crop Rotation
55:57 Conscription
56:48 Blast Furnace
56:55 Plate Barding Armor
56:13 Pikeman
57:33 Plate Mail Armor
57:06 Squires
57:07 Halberdier
58:53 Gold Shaft Mining
58:09 Stone Mining
59:13 Druzhina
61:23 Elite Boyar
64:28 Capped Ram
66:25 Siege Ram
67:56 Coinage
81:21 Hoardings
82:12 Chemistry
81:25 Siege Engineers
83:32 Cavalier
86:24 Onager
88:14 Banking
Cattiva
8:01 Feudal Age
7:11 Loom
9:27 Loom
12:07 Castle Age
10:12 Double-Bit Axe
17:29 Imperial Age
15:32 Bow Saw
16:23 Horse Collar
17:27 Heavy Plow
34:03 Gold Mining
34:50 Wheelbarrow
35:20 Padded Archer Armor
36:18 Leather Archer Armor
38:56 Bloodlines
38:47 Husbandry
39:19 Masonry
39:56 Conscription
40:11 Hoardings
40:33 Hand Cart
40:03 Town Watch
42:10 Gold Shaft Mining
42:42 Ring Archer Armor
43:17 Scale Barding Armor
43:25 Forging
48:25 Chain Barding Armor
48:41 Iron Casting
51:32 Plate Barding Armor
51:57 Blast Furnace
53:50 Two-Man Saw
55:20 Caravan
59:36 Stone Mining
62:21 Hoardings
74:08 Artillery
74:30 Sipahi
74:04 Fletching
74:15 Scale Mail Armor
78:23 Thumb Ring
78:43 Parthian Tactics
77:39 Heavy Cavalry Archer
78:34 Town Patrol
79:19 Ballistics
79:31 Architecture
81:14 Heavy Camel Rider
81:54 Bodkin Arrow
82:31 Bombard Tower
81:52 Treadmill Crane
86:02 Chain Mail Armor
85:50 Bracer
85:49 Murder Holes
87:50 Coinage
the Puchu
7:00 Feudal Age
8:24 Double-Bit Axe
8:20 Horse Collar
12:15 Loom
16:36 Wheelbarrow
18:03 Castle Age
17:14 Scale Barding Armor
17:20 Forging
17:31 Bloodlines
17:31 Gold Mining
20:12 Chain Barding Armor
21:14 Gold Shaft Mining
25:14 Man-at-Arms
25:15 Pikeman
26:00 Scale Mail Armor
27:16 Iron Casting
26:57 Chain Mail Armor
26:45 Squires
37:28 Imperial Age
35:08 Town Watch
39:31 Plate Barding Armor
40:56 Blast Furnace
39:34 Halberdier
40:40 Cavalier
40:49 Cavalier
49:59 Paladin
52:49 Fletching
55:12 Bodkin Arrow
59:21 Caravan
61:24 Padded Archer Armor
61:15 Elite Skirmisher
62:26 Leather Archer Armor
64:03 Ballistics
64:15 Ring Archer Armor
68:13 Chemistry
71:10 Light Cavalry
73:24 Hussar
tony10246
6:46 Feudal Age
11:23 Castle Age
9:56 Double-Bit Axe
13:31 Bow Saw
17:04 Horse Collar
20:13 Wheelbarrow
19:50 Heavy Plow
20:49 Loom
21:58 Scale Barding Armor
22:38 Husbandry
22:53 Scale Mail Armor
23:47 Forging
23:40 Padded Archer Armor
23:59 Chain Mail Armor
26:49 Iron Casting
27:38 Chain Barding Armor
34:39 Bloodlines
34:51 Fletching
36:41 Bodkin Arrow
37:43 Gold Mining
37:44 Stone Mining
42:31 Gold Shaft Mining
44:36 Imperial Age
44:05 Stone Shaft Mining
44:07 Ballistics
44:08 Hand Cart
44:17 Town Watch
48:28 Chemistry
48:38 Crop Rotation
49:04 Town Patrol
52:28 Pikeman
53:16 Squires
53:01 Arson
53:26 Siege Engineers
54:38 Plate Mail Armor
55:08 Blast Furnace
54:10 Bracer
56:06 Capped Ram
59:03 Conscription
58:45 Maghrebi Camels
60:33 Plate Barding Armor
60:00 Padded Archer Armor
60:07 Treadmill Crane
60:33 Heavy Camel Rider
62:14 Caravan
62:45 Coinage
62:39 Elite Camel Archer
62:51 Light Cavalry
73:52 Hussar
84:47 Leather Archer Armor
90:47 Banking
90:27 Guilds
91:20 Masonry
越南王力宏
7:13 Feudal Age
7:45 Horse Collar
7:51 Double-Bit Axe
12:32 Castle Age
15:08 Town Watch
15:46 Heavy Plow
20:42 Pikeman
21:20 Loom
24:58 Bow Saw
33:53 Scale Mail Armor
38:21 Wheelbarrow
39:25 Gold Mining
40:26 Stone Mining
44:01 Hand Cart
44:24 Chain Mail Armor
48:32 Imperial Age
46:23 Anarchy
47:36 Forging
49:13 Halberdier
49:54 Squires
50:31 Iron Casting
51:22 Scale Barding Armor
52:20 Blast Furnace
51:00 Light Cavalry
51:52 Bloodlines
51:47 Husbandry
52:43 Crop Rotation
52:05 Hussar
62:51 Coinage
62:31 Caravan
68:51 Coinage
73:31 Conscription
73:48 Banking
76:03 Perfusion
85:10 Stone Shaft Mining
天線小號
7:36 Feudal Age
11:17 Castle Age
9:28 Double-Bit Axe
10:26 Loom
10:39 Horse Collar
14:20 Gold Mining
14:24 Town Watch
21:42 Fletching
22:28 Bodkin Arrow
24:04 Padded Archer Armor
33:56 Bow Saw
34:35 Heavy Plow
35:32 Wheelbarrow
35:30 Stone Mining
39:57 Imperial Age
39:33 Masonry
39:47 Leather Archer Armor
40:41 Bracer
41:05 Conscription
42:45 Squires
43:45 Ring Archer Armor
44:36 Thumb Ring
45:53 Chemistry
45:23 Scale Mail Armor
45:33 Forging
45:29 Scale Barding Armor
45:13 Light Cavalry
46:03 Bloodlines
46:29 Chain Mail Armor
46:51 Husbandry
47:30 Iron Casting
48:25 Ballistics
49:00 Chain Barding Armor
49:38 Crop Rotation
50:11 Two-Man Saw
51:41 Plate Barding Armor
51:31 Hussar
54:34 Hand Cart
63:04 Elite Genoese Crossbowman
63:57 Elite Skirmisher
69:11 Caravan
82:18 Blast Furnace
81:52 Coinage
81:31 Capped Ram
83:21 Silk Road
83:37 Hoardings
88:21 Town Patrol
88:53 Plate Mail Armor
90:53 Guard Tower
90:44 Treadmill Crane
90:59 Murder Holes
91:35 Architecture
91:27 Bombard Tower
只爆叉叉
7:54 Feudal Age
11:44 Castle Age
9:35 Double-Bit Axe
9:44 Horse Collar
12:56 Bow Saw
13:18 Heavy Plow
18:41 Wheelbarrow
18:28 Loom
18:37 Gold Mining
21:57 Gold Shaft Mining
22:01 Hand Cart
23:29 First Crusade
23:13 Squires
22:58 Arson
23:21 Scale Mail Armor
23:32 Forging
27:04 Imperial Age
25:02 Chain Mail Armor
24:14 Pikeman
27:38 Iron Casting
27:07 Capped Ram
27:09 Halberdier
28:57 Plate Mail Armor
28:49 Conscription
28:34 Elite Serjeant
30:18 Siege Ram
45:58 Fletching
47:10 Blast Furnace
48:25 Bodkin Arrow
49:36 Chemistry
48:57 Ballistics
53:29 Bracer
53:39 Scale Barding Armor
69:27 Caravan
75:31 Chain Barding Armor
77:09 Bloodlines
77:37 Plate Barding Armor
77:38 Husbandry
76:58 Light Cavalry
79:25 Cavalier
80:14 Hauberk
81:59 Hauberk
Connection lost

Rejoining the realm…

Still unreachable

The connection could not be restored.

Session expired

The server has moved on; the page needs a fresh start.